 Dungeon Crawl Stone Soup version 0.28.0-53-g5a82cb258f (webtiles) character file.

Game seed: 3500371939321321346

112 raph the Poker (level 4, -34/39 HPs)
             Began as a Minotaur Fighter on July 18, 2022.
             Killed from afar by Ijyb (42 damage)
             ... with a bolt of acid
             ... on level 3 of the Dungeon.
             The game lasted 00:03:08 (2660 turns).

raph the Poker (Minotaur Fighter)                   Turns: 2660, Time: 00:03:09

Health: -34/39     AC:  8    Str: 21    XL:     4   Next: 64%
Magic:  3/3        EV:  9    Int:  5    God:
Gold:   132        SH:  5    Dex: 11    Spells: 3/3 levels left

rFire   . . .      SeeInvis .   b - +0 hunting sling
rCold   . . .      Faith    .   c - +1 buckler
rNeg    . . .      Spirit   .   i - +0 scale mail
rPois   .          Reflect  .   (helmet restricted)
rElec   .          Harm     .   (no cloak)
rCorr   .          Rampage  .   n - +0 pair of gloves
Will    .....                   (no boots)
Stlth   ..........              (no amulet)
HPRegen 0.13/turn               m - +4 ring of protection
MPRegen 0.08/turn               (no ring)

@: corroded
A: horns 2, retaliatory headbutt
a: no special abilities


You were on level 3 of the Dungeon.
You visited 1 branch of the dungeon, and saw 3 of its levels.

You collected 132 gold pieces.

Inventory:

Hand Weapons
 a - a +1 trident
 b - a +0 hunting sling (weapon)
Missiles
 j - 72 stones (quivered ammo)
Armour
 c - a +1 buckler (worn)
 i - a +0 scale mail (worn)
 n - a +0 pair of gloves (worn)
Jewellery
 m - a +4 ring of protection (left hand)
 o - a ring of ice
Potions
 d - a potion of might
 e - 2 potions of curing {unknown}
 f - 2 potions of flight {unknown}
 g - a potion of ambrosia {unknown}
 h - a potion of brilliance {unknown}
 k - a potion of attraction {unknown}
 l - 2 potions of heal wounds {unknown}
 p - a potion of resistance {unknown}


   Skills:
 - Level 3.6 Fighting
 + Level 6.0 Polearms
 - Level 3.6 Armour
 - Level 3.6 Shields


You had 3 spell levels left.
You didn't know any spells.
Your spell library contained the following spells:

 Spells                   Type           Power      Damage    Failure   Level
 Ozocubu's Armour         Ice            0%         N/A       99%         3
 Metabolic Englaciation   Hex/Ice        0%         N/A       100%        5
 Simulacrum               Ice/Necr       0%         N/A       100%        6


Dungeon Overview and Level Annotations

Branches:
Dungeon (3/15)

Altars:

Annotations:
D:3 Ijyb


Innate Abilities, Weirdness & Mutations

You have a pair of horns on your head.
You reflexively headbutt those who attack you in melee.


Message History

No target in view!
No target in view!
No target in view!
No target in view!
No target in view!
j - 77 stones (gained 5)
Things that are here:
a +0 club; a bat corpse
b - a +0 hunting sling (weapon)
A hobgoblin comes into view.
The hobgoblin shouts!
You shoot a stone.
The stone hits the hobgoblin but does no damage.
You shoot a stone. The stone barely misses the hobgoblin.
An endoplasm comes into view.
You shoot a stone. The stone hits the endoplasm!
You kill the endoplasm!
Your Polearms skill increases to level 6!
You shoot a stone. The stone hits the hobgoblin.
The hobgoblin is lightly wounded.
Ijyb the Twisted Goblin comes into view.
She is wielding a +0 club and carrying a wand of acid (6).
You shoot a stone.
Ijyb shouts!
The stone hits the hobgoblin.
The hobgoblin is severely wounded.
The hobgoblin hits you but does no damage.
a - a +1 trident (weapon)
You closely miss the hobgoblin.
The hobgoblin is severely wounded.
You block the hobgoblin's attack.
You puncture the hobgoblin!
You kill the hobgoblin!
Ijyb zaps a wand.
The bolt of acid hits you!!
Ouch! That really hurt!
* * * LOW HITPOINT WARNING * * *
The acid corrodes you!
b - a +0 hunting sling (weapon)
Ijyb zaps a wand.
The bolt of acid hits you!!!
Ouch! That really hurt!
You die...

#( #( #.## #(g(
#..# #.(### #....#
##.#.# #@# # #.#
#.# ##### #.#
....############.#
###..............#
################
#### ...#


You could see Ijyb.

Vanquished Creatures
  Robin (D:3)
  A gnoll (D:2)
  An adder (D:2)
  A worm (D:2)
  4 dart slugs
  An orc (D:3)
  A ball python (D:1)
  3 endoplasms
  A giant cockroach (D:2)
  9 goblins
  7 hobgoblins
  6 jackals
  2 quokkas (D:2)
  11 bats
  5 frilled lizards
  6 kobolds
  8 rats
68 creatures vanquished.

Notes
Turn   | Place    | Note
-------+----------+-------------------------------------------
     0 | D:1      | raph the Minotaur Fighter began the quest for the Orb.
     0 | D:1      | Reached XP level 1. HP: 19/19 MP: 0/0
   358 | D:1      | Reached skill level 3 in Polearms
   396 | D:1      | Reached XP level 2. HP: 26/26 MP: 1/1
   546 | D:1      | Reached skill level 4 in Polearms
   679 | D:1      | Reached XP level 3. HP: 30/31 MP: 2/2
   995 | D:2      | Found a faded altar of an unknown god.
  1558 | D:2      | Reached skill level 5 in Polearms
  1981 | D:3      | Reached XP level 4. HP: 39/39 MP: 3/3
  2080 | D:3      | Noticed a black bear
  2407 | D:3      | Noticed Robin
  2444 | D:3      | Killed Robin
  2653 | D:3      | Reached skill level 6 in Polearms
  2653 | D:3      | Noticed Ijyb
  2660 | D:3      | Killed from afar by Ijyb

Illustrated notes

Levels and vault maps discovered:
D:1:      dpeg_arrival_rhombi, layout_rooms
D:2:      layout_basic, dreamdust_ecumenical_altar_statues, minmay_quantized
D:3:      layout_loops_ring, chequers_mini_garden, chequers_garden,
          uniq_sigmund, uniq_robin, uniq_ijyb

Skill      XL: |  1  2  3  4 |
---------------+-------------+-----
Polearms       | 3 4 5 6 |  6.0
Fighting       | |  3.6
Armour         | |  3.6
Shields        | |  3.6

Action                   |  1- 3 |  4- 6 || total
-------------------------+-------+-------++-------
Melee: Trident           |   115 |    39 ||   154
       Headbutt          |     8 |     3 ||    11
 Fire: Hunting sling     |       |     8 ||     8
  Use: Scroll            |     5 |       ||     5
Armor: Scale mail        |    35 |    21 ||    56
Dodge: Dodged            |    35 |    23 ||    58
Block: Buckler           |    19 |    13 ||    32
